AoeStats
← BABO

Arabia

506756300Analyzed
1v1 RM · 19d ago on Sep 15, 2026· 43m 53s· 2 players
Game mode
Random Map
Map size
Tiny (2 player)
Population
200
Speed
Normal
Resources
Standard
Victory
Conquest
Starting age
Dark Age
Ending age
Imperial Age
RankedLock teamsTeams togetherTeam positionsShared explorationLock speedFull tech treeHidden civsTurbo modeCheats
Victory
Defeat
🇧🇷 Bulgarians · Brazil
763
+13
🇦🇷 Mongols · Argentina
705
-13
BABO
10:56 Feudal Age
12:45 Wheelbarrow
14:48 Forging
15:59 Scale Barding Armor
16:11 Double-Bit Axe
18:09 Horse Collar
23:43 Castle Age
21:57 Stone Mining
26:04 Hand Cart
26:00 Bow Saw
27:44 Iron Casting
28:07 Gold Mining
29:19 Husbandry
30:39 Bloodlines
33:58 Heavy Plow
34:40 Gold Shaft Mining
36:08 Stone Shaft Mining
38:03 Chain Barding Armor
37:35 Fletching
37:46 Padded Archer Armor
42:16 Imperial Age
41:09 Bodkin Arrow
41:29 Leather Archer Armor
43:26 Ballistics
biribex
7:08 Loom
7:17 Loom
11:13 Feudal Age
12:21 Double-Bit Axe
13:50 Horse Collar
19:45 Gold Mining
20:11 Forging
20:07 Scale Barding Armor
20:02 Scale Mail Armor
20:16 Bloodlines
23:24 Castle Age
24:54 Husbandry
25:05 Squires
24:26 Pikeman
26:45 Bow Saw
26:37 Heavy Plow
28:50 Gambesons
29:47 Chain Barding Armor
30:31 Light Cavalry
32:37 Iron Casting
32:18 Chain Mail Armor
32:52 Gambesons
35:52 Wheelbarrow
39:07 Imperial Age
37:02 Masonry
37:43 Gold Shaft Mining
42:03 Blast Furnace
41:34 Plate Mail Armor
41:39 Plate Barding Armor
40:27 Cavalier
42:38 Conscription
42:01 Halberdier
42:58 Hand Cart
43:27 Hussar
Connection lost

Rejoining the realm…

Still unreachable

The connection could not be restored.

Session expired

The server has moved on; the page needs a fresh start.